 Dungeon Crawl Stone Soup version 0.32-a0-42-ga30500b4d3 (webtiles) character file.

Game seed: 18047702884960606728

17290 cforsyth the Fighter (level 12, -3/70 (101) HPs)
             Began as a Djinni Reaver on Jan 28, 2024.
             Was an Initiate of Yredelemnul.
             Slain by a black mamba (11 damage)
             ... on level 2 of the Lair of Beasts.
             The game lasted 00:44:00 (15479 turns).

cforsyth the Fighter (Djinni Reaver)               Turns: 15479, Time: 00:44:01

HP:   -3/70 (101)   AC:  7    Str:  9 (11) XL:     12   Next: 80%
Gold: 774           EV: 11    Int: 17 (20) God:    Yredelemnul [......] SH:  0 Dex: 11 (12)

rFire   + . .        L - +2 falchion (freeze)
rCold   . . .        (no shield)
rNeg    . . .        z - +2 leather armour {Will+}
rPois   ∞            (no helmet)
rElec   .            a - +0 cloak
rCorr   .            D - +0 pair of gloves
SInv    .            (boots unavailable)
Will    +++..        (no amulet)
Stlth   +            x - ring of ice
HPRegen 0.31/turn    b - ring of willpower
MPRegen 0.00/turn

%: infuse magic (-4 HP)
@: flying, very heavily drained
A: sickness immunity, fire resistance 2, cold vulnerability 1, float, innate
caster, HP casting, extra vitality 1
a: Renounce Religion, Recall Undead Harvest


You were on level 2 of the Lair of Beasts.
You worshipped Yredelemnul.
Yredelemnul was noncommittal.
You visited 2 branches of the dungeon, and saw 13 of its levels.

You collected 844 gold pieces.
You spent 70 gold pieces at shops.

Inventory:

Hand Weapons
 f - a +2 dagger of protection
 E - a +4 scimitar
 L - a +2 falchion of freezing (weapon)
Armour
 a - a +0 cloak (worn)
 z - a +2 leather armour of willpower (worn)
 D - a +0 pair of gloves (worn)
Jewellery
 b - a ring of willpower (right hand)
 n - a +6 ring of strength
 x - a ring of ice (left hand)
 H - a ring of positive energy
 J - a ring of willpower
Wands
 v - a wand of mindburst (1)
 B - a wand of digging (4)
 C - a wand of roots (4)
 F - a wand of flame (19)
 M - a wand of paralysis (3)
Scrolls
 d - a scroll of silence {unknown}
 g - a scroll of blinking {unknown}
 k - 4 scrolls of poison
 o - a scroll of enchant armour {unknown}
 p - 2 scrolls of enchant weapon {unknown}
 q - a scroll of teleportation
 r - 3 scrolls of fog {unknown}
 t - 3 scrolls of fear {unknown}
 u - a scroll of immolation {unknown}
 y - a scroll of vulnerability {unknown}
 A - 2 scrolls of noise {unknown}
 K - 2 scrolls of revelation {unknown}
 N - a scroll of identify
Potions
 c - 2 potions of resistance
 e - 6 potions of might
 i - 3 potions of haste
 j - 2 potions of brilliance
 l - a potion of lignification
 m - 3 potions of attraction
 s - 2 potions of enlightenment


   Skills:
 + Level 14.8 Fighting
 - Level 2.6 Short Blades
 - Level 2.1 Dodging
 + Level 11.6 Spellcasting
 + Level 11.6 Conjurations
 + Level 11.6 Hexes
 + Level 11.6 Summonings
 + Level 11.6 Necromancy
 + Level 11.6 Translocations
 + Level 11.6 Fire Magic
 + Level 11.6 Ice Magic
 + Level 11.6 Air Magic
 + Level 11.6 Earth Magic
 + Level 11.6 Alchemy


You knew the following spells:

 Your Spells              Type           Power      Damage    Failure   Level
a - Kiss of Death         Conj/Necr      100%       2d13      1%          1
b - Momentum Strike       Conj/Tloc      98%        3d10      1%          2
c - Hailstorm             Conj/Ice       65%        3d12      1%          3
d - Necrotise             Necr           100%       1d9       1%          1
e - Jinxbite              Hex            98%        N/A       1%          2
f - Sigil of Binding      Hex            49%        N/A       1%          3
g - Petrify               Alch/Erth      49%        N/A       1%          4
h - Dimensional Bullseye  Hex/Tloc       24%        N/A       1%          4
Your spell library was empty.

Dungeon Overview and Level Annotations

Branches:
Dungeon (11/15)            Temple (0/1) D:6            Lair (1/5) D:9
    Orc (0/2) D:10

Altars:
Dithmenos
Elyvilon
Fedhas
Gozag
Hepliaklqana
Nemelex Xobeh
Okawaru
Ru
Wu Jian
Xom
Yredelemnul

Shops:
D:3 ?   D:10 *

Annotations:
D:5 1 runed translucent door, Crazy Yiuf
D:10 3 runed translucent doors, Azoth's ghost, journeyman DEHu; cforsyth's ghost, journeyman DjAl


Innate Abilities, Weirdness & Mutations

You are immune to sickness and miasma.
You are immune to poison.
Your flesh is very heat resistant. (rF++)
You are vulnerable to cold. (rC-)
You float through the air rather than walking.
You learn spells naturally, not from books.
Your magical power is your life essence.
You have superior vitality. (+4 MHP)


Message History

The black mamba completely misses you.
It was a potion of degeneration.
There was something very wrong with that liquid.
You feel weakened.
You feel dopey.
You feel clumsy. The black mamba bites you.
* * * LOW HITPOINT WARNING * * *
The black mamba bites you.
* * * LOW HITPOINT WARNING * * *
It was a potion of magic.
Magic washes over you without effect. The blink frog hits you!
* * * LOW HITPOINT WARNING * * *
The blink frog blinks!
The black mamba bites you but does no damage.
You feel better.
You feel less invigorated.
You are no longer robbed of momentum.
The black mamba bites you!
* * * LOW HITPOINT WARNING * * *
The black mamba bites you.
* * * LOW HITPOINT WARNING * * *
Okay, then.
Okay, then.
Okay, then.
Aiming: Mindburst
Press: ? - help, Shift-Dir - straight line, f/p - black mamba
Aim: a black mamba (heavily wounded, chance to affect: 64%)
The black mamba's mind is blasted!
The black mamba barely misses you. The black mamba bites you.
* * * LOW HITPOINT WARNING * * *
Aiming: Fastroot
Press: ? - help, Shift-Dir - straight line, p - black mamba The roots erupt in riotous growth!
Roots grab the black mamba.
Roots grab the blink frog.
The grasping roots constrict the black mamba.
The grasping roots constrict the blink frog.
You hear a loud, deep croak! x2; You hear an angry hiss.
The black mamba closely misses you.
The blink frog struggles to escape constriction.
The black mamba bites you!
You die...
Your body becomes fuel for the black torch.

### #.#
#.##
#..####
#P@...#
#..S.###
#.##...
... #FF#
#... ..#
.....
...
.#....
...##
... .##
..#


You could see a black mamba (rooted) and 2 blink frogs.

Vanquished Creatures
  Josephine (D:10)
  2 two-headed ogres
  Maurice (D:9)
  A gargoyle (D:9)
  A cane toad (Lair:1)
  A komodo dragon (D:9)
  An unseen horror (D:10)
  A troll (D:9)
  4 blink frogs (Lair:1)
  A wraith (D:9)
  A wyvern (D:9)
  13 yaks
  A vampire (D:9)
  Eustachio (D:5)
  2 steam dragons
  4 vampire mosquitoes (D:9)
  2 acid dragons
  3 water moccasins
  A sky beast (D:8)
  3 orc warriors
  An ice beast (D:6)
  4 ogres (D:4)
  6 centaurs
  2 kobold brigands
  A weeping skull (D:7)
  3 bullfrogs
  A gnoll sergeant (D:9)
  2 scorpions (D:5)
  4 wights
  6 killer bees (D:7)
  6 howler monkeys
  2 quasits
  3 hounds (D:4)
  2 jellies
  4 orc priests
  A bombardier beetle (D:6)
  4 iguanas
  2 sleepcaps
  10 orc wizards
  Natasha (twice) (D:2)
  9 adders
  4 gnolls (D:3)
  4 shadow imps
  2 ufetubi (D:7)
  3 dart slugs
  31 orcs
  4 endoplasms
  2 giant cockroaches
  8 goblins
  4 hobgoblins
  2 jackals (D:1)
  3 quokkas
  8 ball pythons
  5 bats
  3 frilled lizards
  11 kobolds
  An orc zombie (D:8)
  5 rats
  A spectral orc (D:7)
221 creatures vanquished.

Vanquished Creatures (collateral kills)
  2 cane toads (Lair:1)
  A blink frog (Lair:1)
  2 yaks (D:8)
  5 wraiths (D:10)
  A bullfrog (D:8)
  A wight (D:9)
  A howler monkey (D:9)
  A jelly (D:8)
  An adder (D:2)
  An endoplasm (D:2)
  2 rats
18 creatures vanquished.

Vanquished Creatures (others)
  A spectral unseen horror (D:10)
  A blink frog zombie (Lair:1)
  A water moccasin zombie (Lair:1)
  2 yak zombies (Lair:2)
  A centaur zombie (D:9)
  A bullfrog zombie (D:8)
  An acid dragon zombie (D:8)
  A vine stalker zombie (D:9)
  3 howler monkey zombies (D:9)
  A steam dragon zombie (D:8)
  A kobold (D:8)
  2 kobold zombies (D:8)
  5 orc zombies
21 creatures vanquished.

Grand Total: 260 creatures vanquished

Notes
Turn   | Place    | Note
-------+----------+-------------------------------------------
     0 | D:1      | cforsyth the Djinni Reaver began the quest for the Orb.
     0 | D:1      | cforsyth set off with the following spells memorised: Kiss
                  | of Death, Momentum Strike, Hailstorm.
     0 | D:1      | Reached XP level 1. HP: 18/18 MP: 0/0
   119 | D:1      | Reached XP level 2. HP: 22/23 MP: 0/0
   240 | D:1      | Reached XP level 3. HP: 29/29 MP: 0/0
   240 | D:1      | Learned a level 1 spell: Necrotise
   558 | D:2      | Reached skill level 3 in Fighting
   747 | D:2      | Noticed Natasha
   754 | D:2      | Killed Natasha
   755 | D:2      | Reached XP level 4. HP: 13/35 MP: 0/0
  1061 | D:2      | Noticed Natasha
  1066 | D:2      | Killed Natasha
  1067 | D:2      | Reached XP level 5. HP: 22/41 MP: 0/0
  1067 | D:2      | Learned a level 2 spell: Jinxbite
  1501 | D:3      | Reached skill level 4 in Fighting
  1856 | D:3      | Found Ydagesei's Magic Scroll Boutique.
  1864 | D:3      | Bought a scroll of identify for 28 gold pieces
  1864 | D:3      | Bought a scroll of teleportation for 42 gold pieces
  1937 | D:4      | Noticed an ogre
  1950 | D:4      | Killed an ogre
  1951 | D:4      | Reached XP level 6. HP: 40/48 MP: 0/0
  2215 | D:4      | Noticed an ogre
  2220 | D:4      | Noticed an ogre
  2244 | D:4      | Killed an ogre
  2245 | D:4      | Reached skill level 5 in Fighting
  2245 | D:4      | Reached XP level 7. HP: 47/54 MP: 0/0
  2245 | D:4      | Learned a level 3 spell: Sigil of Binding
  2411 | D:4      | Reached skill level 5 in Spellcasting
  2411 | D:4      | Reached skill level 5 in Conjurations
  2411 | D:4      | Reached skill level 5 in Hexes
  2411 | D:4      | Reached skill level 5 in Summonings
  2411 | D:4      | Reached skill level 5 in Necromancy
  2411 | D:4      | Reached skill level 5 in Translocations
  2411 | D:4      | Reached skill level 5 in Fire Magic
  2411 | D:4      | Reached skill level 5 in Ice Magic
  2411 | D:4      | Reached skill level 5 in Air Magic
  2411 | D:4      | Reached skill level 5 in Earth Magic
  2411 | D:4      | Reached skill level 5 in Alchemy
  2628 | D:4      | Found an opulent altar of Gozag.
  2907 | D:5      | Entered Level 5 of the Dungeon
  3016 | D:5      | Reached skill level 6 in Fighting
  3066 | D:5      | Reached XP level 8. HP: 59/61 MP: 0/0
  3209 | D:5      | Found a sparkling altar of Nemelex Xobeh.
  3523 | D:5      | Found a runed translucent door.
  3524 | D:5      | Noticed Crazy Yiuf
  3607 | D:5      | Noticed Eustachio
  3622 | D:5      | Killed Eustachio
  3623 | D:5      | Reached skill level 7 in Fighting
  4706 | D:6      | Reached XP level 9. HP: 42/70 MP: 0/0
  4706 | D:6      | Learned a level 4 spell: Petrify
  5017 | D:6      | Reached skill level 8 in Fighting
  5160 | D:6      | Found a staircase to the Ecumenical Temple.
  6002 | D:7      | Reached skill level 9 in Fighting
  6560 | D:7      | Reached XP level 10. HP: 62/79 MP: 0/0
  6768 | D:7      | Reached skill level 10 in Fighting
  7282 | D:7      | Found a basalt altar of Yredelemnul.
  7625 | D:7      | Became a worshipper of Yredelemnul the Dark
  8021 | D:8      | Reached * piety under Yredelemnul
  8028 | D:8      | Reached ** piety under Yredelemnul
  8059 | D:8      | Reached skill level 12 in Fighting
  8059 | D:8      | Reached skill level 10 in Spellcasting
  8059 | D:8      | Reached skill level 10 in Conjurations
  8059 | D:8      | Reached skill level 10 in Hexes
  8059 | D:8      | Reached skill level 10 in Summonings
  8059 | D:8      | Reached skill level 10 in Necromancy
  8059 | D:8      | Reached skill level 10 in Translocations
  8059 | D:8      | Reached skill level 10 in Fire Magic
  8059 | D:8      | Reached skill level 10 in Ice Magic
  8059 | D:8      | Reached skill level 10 in Air Magic
  8059 | D:8      | Reached skill level 10 in Earth Magic
  8059 | D:8      | Reached skill level 10 in Alchemy
  8059 | D:8      | Reached XP level 11. HP: 10/91 MP: 0/0
  8059 | D:8      | Learned a level 4 spell: Dimensional Bullseye
  9029 | D:8      | Reached skill level 13 in Fighting
  9211 | D:8      | Found a sacrificial altar of Ru.
  9362 | D:8      | Found a shimmering altar of Xom.
  9809 | D:9      | Noticed a two-headed ogre
  9818 | D:9      | Killed a two-headed ogre
 10306 | D:9      | Found a staircase to the Lair.
 10318 | D:9      | HP: 3/92 [komodo dragon (22)]
 10570 | D:9      | Noticed Maurice
 10632 | D:9      | Maurice stole a ring of willpower
 10634 | D:9      | Maurice stole a +2 dagger of protection
 10636 | D:9      | Maurice stole 266 gold
 10636 | D:9      | Maurice stole 314 gold
 10658 | D:9      | Killed Maurice
 11069 | D:9      | Your ally Maurice died
 11078 | D:9      | Reached XP level 12. HP: 7/79 MP: 0/0
 11621 | D:9      | Found an iron altar of Okawaru.
 11621 | D:9      | You are sucked into a shaft and drop 1 floor!
 11621 | D:10     | Entered Level 10 of the Dungeon
 11621 | D:10     | Found a runed translucent gate.
 11621 | D:10     | Found a runed translucent gate.
 11621 | D:10     | Found a runed translucent gate.
 11623 | D:10     | Noticed Azoth's ghost (journeyman DEHu)
 11623 | D:10     | Noticed cforsyth's ghost (journeyman DjAl)
 11661 | D:10     | Noticed a two-headed ogre
 12091 | D:9      | Found a faded altar of an unknown god.
 12092 | D:9      | Found a hazy altar of Hepliaklqana.
 12217 | D:9      | Found a blossoming altar of Fedhas.
 12637 | D:10     | Found a staircase to the Orcish Mines.
 12693 | D:10     | Killed a two-headed ogre
 12694 | D:10     | Reached skill level 14 in Fighting
 13080 | D:10     | Found an ornate altar of the Wu Jian Council.
 13367 | D:10     | Noticed Josephine
 13397 | D:10     | Killed Josephine
 13709 | D:10     | Found a white marble altar of Elyvilon.
 13786 | D:10     | Found Vicol's Fire Supplies.
 14173 | D:10     | Found a shadowy altar of Dithmenos.
 14224 | D:11     | Noticed a skeletal warrior
 14350 | Lair:1   | Entered Level 1 of the Lair of Beasts
 15295 | Lair:1   | You are sucked into a shaft and drop 1 floor!
 15479 | Lair:2   | Slain by a black mamba

Illustrated notes

Levels and vault maps discovered:
D:1:      minmay_arrival_four_circles, layout_rooms, minmay_pentomino_t2
D:2:      minmay_wonky_spiral, layout_basic, uniq_natasha
D:3:      layout_basic, serial_shops, shop, serial_park_tiny_1
D:4:      layout_loops_cross, mainiacjoe_overflow_alcove_4
D:5:      layout_rooms, nemelex_xobeh_ov_fountains_minmay,
          uniq_crazy_yiuf_cottage, uniq_eustachio
D:6:      layout_basic, temple_doors_ab
D:7:      layout_gridville, yredelemnul_forgotten_temple_becter, serial_demonic,
          serial_demonic_a, serial_demonic_c, serial_demonic_a,
          serial_demonic_f, minmay_crystal_room
D:8:      layout_rooms, dk_xom_monty_hall, amcnicky_altar_gilded
D:9:      layout_loops_cross, beargit_hepliaklqana_dungeon_heroes,
          mainiacjoe_overflow_two_lobes, david_lair_shrubbed, uniq_maurice
D:10:     layout_roguey, mainiacjoe_overflow_surrounded_room,
          mainiacjoe_overflow_small_starburst, minmay_overflow_temple_star_quad,
          gammafunk_ghost_cemetery, nicolae_shop_fire_sale
          [nicolae_sub_dead_trees], uniq_josephine
D:11:     layout_roguey, palyth_stone_intersect, vehumet_statue
Lair:1:   layout_misc_corridors
Lair:2:   dragon1_lemuel, layout_cave_shapes,
          hellmonk_guarded_unrand_seven_league_boots, uniq_urug

Skill      XL: |  1  2  3  4  5  6  7  8  9 10 11 12 |
---------------+-------------------------------------+-----
Spellcasting   | 3 4 5 6 7 10 11 | 11.6
Conjurations   | 3 4 5 6 7 10 11 | 11.6
Hexes          | 3 4 5 6 7 10 11 | 11.6
Summonings     | 3 4 5 6 7 10 11 | 11.6
Necromancy     | 3 4 5 6 7 10 11 | 11.6
Translocations | 3 4 5 6 7 10 11 | 11.6
Fire Magic     | 3 4 5 6 7 10 11 | 11.6
Ice Magic      | 3 4 5 6 7 10 11 | 11.6
Air Magic      | 3 4 5 6 7 10 11 | 11.6
Earth Magic    | 3 4 5 6 7 10 11 | 11.6
Alchemy        | 3 4 5 6 7 10 11 | 11.6
Fighting       | 3 4 5 6 7 9 12 13 14 | 14.8
Short Blades   | |  2.6
Dodging        | |  2.1

Action                     |  1- 3 |  4- 6 |  7- 9 | 10-12 || total
---------------------------+-------+-------+-------+-------++-------
  Melee: Dagger            |    56 |     1 |   301 |   128 ||   486
         Short sword       |     7 |       |       |       ||     7
         Punch             |       |       |     2 |     5 ||     7
         Scimitar          |       |       |       |    38 ||    38
         Falchion          |       |       |       |    86 ||    86
   Cast: Necrotise         |    33 |    71 |    88 |    18 ||   210
         Momentum Strike   |     1 |     1 |    19 |    47 ||    68
         Hailstorm         |       |     2 |    42 |    76 ||   120
         Kiss of Death     |       |       |     1 |     9 ||    10
         Petrify           |       |       |       |     5 ||     5
  Evoke: Wand              |       |       |       |    14 ||    14
    Use: Scroll            |       |     7 |     2 |     3 ||    12
         Potion            |       |       |       |    10 ||    10
 Armour: Leather armour    |    43 |    17 |   239 |   330 ||   629
         Skin              |       |       |       |     7 ||     7
  Dodge: Dodged            |    46 |    11 |   201 |   192 ||   450

Table legend: (Time is in decaauts)
 A = Elapsed time spent in this place.
 B = Non-inter-level travel time spent in this place.
 C = Inter-level travel time spent in this place.
 D = Time resting spent in this place.
 E = Time spent auto-exploring this place.
 F = Levels seen in this place.
 G = Mean time per level.
                   A        B        C        D        E       F      G
               +--------+--------+--------+--------+--------+-----+--------+
         Total |  15535 |  14928 |    607 |   2907 |   9546 |  13 | 1195.0 |
       Dungeon |  14401 |  13795 |    606 |   2515 |   8927 |  11 | 1309.2 |
          Lair |   1133 |   1133 |      0 |    392 |    619 |   2 |  566.5 |
               +--------+--------+--------+--------+--------+-----+--------+

Top non-repeatable levels by time:
     D:7: 2872 daAuts
     D:9: 2707 daAuts
    D:10: 1959 daAuts
     D:8: 1277 daAuts
     D:6: 1272 daAuts
     D:5: 1255 daAuts
     D:4: 1079 daAuts
  Lair:1: 948 daAuts
     D:2: 921 daAuts
     D:3: 524 daAuts
     D:1: 523 daAuts
  Lair:2: 184 daAuts
    D:11: 7 daAuts
